 Dungeon Crawl Stone Soup version 0.20-a0-941-gba1b1f9 (webtiles) character file.

40 AlphabetPasta the Vandal (level 3, 0/18 HPs)
             Began as a Spriggan Hunter on Mar 31, 2017.
             Killed from afar by Sigmund (8 damage)
             ... with a magic dart
             ... on level 2 of the Dungeon.
             The game lasted 00:04:26 (1053 turns).

AlphabetPasta the Vandal (Spriggan Hunter)          Turns: 1053, Time: 00:04:26

Health: 0/18       AC:  2    Str:  8    XL:     3   Next: 30%
Magic:  4/4        EV: 18    Int: 12    God:
Gold:   76         SH:  0    Dex: 17    Spells: 2/2 levels left

rFire    . . .     SeeInvis +   b - +1 hunting sling
rCold    . . .     Gourm    .   (shield restricted)
rNeg     . . .     Faith    .   c - +0 robe
rPois    .         Spirit   .   (helmet restricted)
rElec    .         Reflect  .   (no cloak)
rCorr    .         Harm     .   (gloves unavailable)
MR       .....                  (boots unavailable)
Stlth    ++........             (no amulet)
Regen    0.1/turn               (no ring)
MPRegen  0.1/turn               (no ring)

@: very slightly contaminated, hasted, very quick
A: unfitting armour, see invisible, herbivore 3, speed 3, slow metabolism 2
a: no special abilities


You were on level 2 of the Dungeon.
You were not hungry.

You visited 1 branch of the dungeon, and saw 2 of its levels.

You collected 76 gold pieces.

Inventory:

Hand Weapons
 a - a +0 short sword
 b - a +1 hunting sling (weapon)
Missiles
 d - 9 sling bullets (quivered)
 e - 62 stones
 j - 2 tomahawks
Armour
 c - a +0 robe (worn)
Scrolls
 i - a scroll of identify
 k - a scroll of remove curse {unknown}
Comestibles
 f - 3 bread rations
 h - 2 fruits


   Skills:
 + Level 1.7 Fighting
 * Level 1.8 Short Blades
 * Level 5.2 Slings
 + Level 3.3 Dodging
 + Level 2.4 Stealth


You had 2 spell levels left.
You didn't know any spells.

Dungeon Overview and Level Annotations

Branches:
Dungeon (2/15)

Altars:

Annotations:
D:2 Sigmund


Innate Abilities, Weirdness & Mutations

You are very small and have problems with some larger weapons.
You are too small for most types of armour.
You have supernaturally acute eyesight. (SInv)
You are a herbivore.
You cover ground extremely quickly.
You need consume almost no food.


Message History

Firing (i - inventory. (,) - cycle):
d - 13 sling bullets (quivered)
Press: ? - help, Shift-Dir - straight line, f/p - Sigmund
Aim: Sigmund, wielding a scythe and wearing a robe (moderately wounded, slightly transparent, unusually agile)
You shoot a sling bullet. The sling bullet barely misses Sigmund.
Firing (i - inventory. (,) - cycle):
d - 12 sling bullets (quivered)
Press: ? - help, Shift-Dir - straight line, f/p - Sigmund
Aim: Sigmund, wielding a scythe and wearing a robe (moderately wounded, slightly transparent, unusually agile)
You shoot a sling bullet. The sling bullet misses Sigmund.
You see here a giant cockroach corpse.
Firing (i - inventory. (,) - cycle):
d - 11 sling bullets (quivered)
Press: ? - help, Shift-Dir - straight line, f/p - Sigmund
Aim: Sigmund, wielding a scythe and wearing a robe (moderately wounded, slightly transparent, unusually agile)
You shoot a sling bullet. The sling bullet barely misses Sigmund.
Firing (i - inventory. (,) - cycle):
d - 10 sling bullets (quivered)
Press: ? - help, Shift-Dir - straight line, f/p - Sigmund
Aim: Sigmund, wielding a scythe and wearing a robe (moderately wounded, slightly transparent, unusually agile)
You shoot a sling bullet. The sling bullet barely misses Sigmund.
Sigmund casts a spell at you. The magic dart hits you!
You die...

### ######## #..
.......######## #.#
#.#.....)... #########
#.# #...########
#.......# #.#
######.######
#.#####.# #.#
#.@†..@.((.(# #.#
#.###.###.####.###(#.#
#.# #.........#
#.##.## #.#
#.###..#### #..@#
#.#####.# #...# #.##
........# #..... ...#
.......## ###.######.#
######## .# #.. .#


You could see Sigmund (invisible).

Vanquished Creatures
  2 worms (D:2)
  A leopard gecko (D:2)
  A ball python (D:1)
  2 giant cockroaches
  A goblin (D:1)
  7 hobgoblins
  3 kobolds (D:1)
  A quokka (D:2)
  6 bats
  2 frilled lizards (D:1)
  6 rats
32 creatures vanquished.

Notes
Turn   | Place    | Note
-------+----------+-------------------------------------------
     0 | D:1      | AlphabetPasta the Spriggan Hunter began the quest for the Orb.
     0 | D:1      | Reached XP level 1. HP: 10/10 MP: 2/2
    90 | D:1      | Reached skill level 5 in Slings
   191 | D:1      | Reached skill level 1 in Short Blades
   196 | D:1      | Reached XP level 2. HP: 9/14 MP: 3/3
   868 | D:2      | Reached XP level 3. HP: 18/18 MP: 4/4
  1034 | D:2      | Noticed Sigmund
  1053 | D:2      | Killed from afar by Sigmund

Vault maps used:
D:1:      roderic_dead_forest, minmay_misc_feat_more_columns
D:2:      uniq_sigmund, uniq_terence, uniq_natasha

Skill      XL: |  1  2 |
---------------+-------+-----
Slings         | 5 |  5.2
Short Blades   | 1 |  1.8
Stealth        | 2 |  2.4
Fighting       | |  1.7
Dodging        | |  3.3

Action                   || total
-------------------------++-------
Melee: Short sword       ||    37
 Fire: Hunting sling     ||    77
  Use: Scroll            ||     3
       Potion            ||     1
Armor: Robe              ||     5
Dodge: Dodged            ||    32
